 Dungeon Crawl Stone Soup version 0.29-a0-271-gd4eb659eea (webtiles) character file.

Game seed: 13543650995898949581

0 ders the Skirmisher (level 1, -2/19 HPs)
             Began as a Hill Orc Fighter on Feb 15, 2022.
             Slain by a gnoll
             ... wielding a +0 whip
              (7 damage)
             ... on level 1 of the Dungeon on Mar 8, 2022.
             The game lasted 00:00:36 (30 turns).

ders the Skirmisher (Hill Orc Fighter)                Turns: 30, Time: 00:00:36

Health: -2/19      AC:  6    Str: 18    XL:     1   Next: 10%
Magic:  1/1        EV:  9    Int:  8    God:
Gold:   0          SH:  4    Dex: 10    Spells: 0/0 levels left

rFire   . . .      SeeInvis .   a - +0 rapier
rCold   . . .      Faith    .   c - +0 buckler
rNeg    . . .      Spirit   .   b - +0 scale mail
rPois   .          Reflect  .   (no helmet)
rElec   .          Harm     .   (no cloak)
rCorr   .          Rampage  .   (no gloves)
Will    .....                   (no boots)
Stlth   ..........              (no amulet)
HPRegen 0.06/turn               (no ring)
MPRegen 0.07/turn               (no ring)

@: no status effects
A: no striking features
a: no special abilities


You were on level 1 of the Dungeon.
You visited 1 branch of the dungeon, and saw 1 of its levels.

Inventory:

Hand Weapons
 a - a +0 rapier (weapon)
Armour
 b - a +0 scale mail (worn)
 c - a +0 buckler (worn)
Potions
 d - a potion of might


   Skills:
 + Level 3.6 Fighting
 + Level 2.0 Short Blades
 + Level 3.3 Armour
 + Level 3.3 Shields


You couldn't memorise any spells.
You didn't know any spells.
Your spell library was empty.

Dungeon Overview and Level Annotations

Branches:
Dungeon (1/15)

Altars:


Message History

Welcome, ders the Hill Orc Fighter.
It is said that the Orb of Zot exists deep within this dungeon.
Press ? for a list of commands and other information.
Found a human skeleton and a kobold skeleton.
Found a staircase leading out of the dungeon.
Welcome back, ders the Hill Orc Fighter.
Press ? for a list of commands and other information.
You open the door.
There is an open door here.
Found an ogre skeleton.
You open the large door.
There is a large open door here.
A ball python comes into view.
Found a stone staircase leading down.
The ball python hisses angrily.
You hear a shout!
A goblin comes into view. It is wielding a +0 dagger.
The ball python moves out of view.
You hear a shout!
You block the ball python's attack. x2
You hit the ball python.
You kill the ball python!
The goblin hits you but does no damage. You block the goblin's attack.
A gnoll comes into view. It is wielding a +0 whip.
The goblin closely misses you. The goblin hits you but does no damage.
The goblin hits you but does no damage. The goblin hits you with a +0 dagger.
The gnoll hits you but does no damage. The gnoll misses you.
The goblin barely misses you. The goblin closely misses you.
The gnoll completely misses you. The goblin hits you but does no damage.
The gnoll hits you with a +0 whip. The gnoll hits you with a +0 whip.
The goblin hits you but does no damage. The goblin hits you with a +0 dagger.
The gnoll barely misses you. The goblin hits you with a +0 dagger.
You block the gnoll's attack. The gnoll barely misses you.
The goblin closely misses you. The gnoll hits you with a +0 whip.
The goblin hits you but does no damage. The goblin hits you but does no damage.
The gnoll hits you with a +0 whip.
* * * LOW HITPOINT WARNING * * *
The goblin barely misses you. The gnoll hits you with a +0 whip!
You die...

###..###
##8..8##
##''## ##..#
#...# #.###
#.#
##..####.###
......g@...#
##....g###...#
#...#. ...#
##. .. ..# #
#>. ..# #.# .#
#. .# ..


You could see a gnoll and a goblin.

Vanquished Creatures
  A ball python (D:1)
1 creature vanquished.

Notes
Turn   | Place    | Note
-------+----------+-------------------------------------------
     0 | D:1      | ders the Hill Orc Fighter began the quest for the Orb.
     0 | D:1      | Reached XP level 1. HP: 19/19 MP: 1/1
     0 | D:1      | Upgraded the game from 0.29-a0-103-g37f86683bf to
                  | 0.29-a0-271-gd4eb659eea
    30 | D:1      | Slain by a gnoll

Illustrated notes

Levels and vault maps discovered:
D:1:      wander_arrival_abandoned_jail, layout_loops_ring, serial_bayou,
          serial_bayou_pond_d, serial_bayou_lagoon_b, serial_bayou_pond_c,
          serial_bayou_crossing, serial_bayou_pond_e, serial_bayou_shore_a,
          minmay_misc_feat_alley, dk_noncrumbling_3

Action                   || total
-------------------------++-------
Melee: Rapier            ||     1
Armor: Scale mail        ||     8
Dodge: Dodged            ||     9
Block: Buckler           ||     4

Table legend: (Time is in decaauts)
 A = Elapsed time spent in this place.
 B = Non-inter-level travel time spent in this place.
 C = Inter-level travel time spent in this place.
 D = Time resting spent in this place.
 E = Time spent auto-exploring this place.
 F = Levels seen in this place.
 G = Mean time per level.
                   A        B        C        D        E       F      G
               +--------+--------+--------+--------+--------+-----+--------+
         Total |     30 |     22 |      8 |      0 |      0 |   1 |   30.0 |
       Dungeon |     30 |     22 |      8 |      0 |      0 |   1 |   30.0 |
               +--------+--------+--------+--------+--------+-----+--------+

Top non-repeatable levels by time:
     D:1: 30 daAuts
